 Dungeon Crawl Stone Soup version 0.23-a0-449-g8e4cbf7 (webtiles) character file.

186 russianmonk1111 the Digger (level 5, -4/37 HPs)
             Began as a Formicid Earth Elementalist on Nov 21, 2018.
             Was an Initiate of Sif Muna.
             Killed by divine providence
             ... invoked by an orc priest
              (9 damage)
             ... on level 3 of the Dungeon.
             The game lasted 00:12:03 (4899 turns).

russianmonk1111 the Digger (FoEE)                   Turns: 4899, Time: 00:12:04

Health: -4/37      AC:  4    Str: 13    XL:     5   Next: 97%
Magic:  4/9        EV: 11    Int: 15    God:    Sif Muna [......]
Gold:   181        SH:  0    Dex: 11    Spells: 2/9 levels left

rFire    . . .     SeeInvis +   g - +0 short sword
rCold    . . .     Gourm    .   (no shield)
rNeg     . . .     Faith    .   o - +0 leather armour
rPois    .         Spirit   .   (helmet unavailable)
rElec    .         Reflect  .   (no cloak)
rCorr    .         Harm     .   (no gloves)
MR       .....                  i - +0 pair of boots
Stlth    ++........             (no amulet)
HPRegen  0.12/turn              (no ring)
MPRegen  0.11/turn              (no ring)

@: no status effects
A: permanent stasis, dig shafts and tunnels, four strong arms, antennae 3
a: Dig, Shaft Self, Renounce Religion


You were on level 3 of the Dungeon.
You worshipped Sif Muna.
Sif Muna was noncommittal.
You were hungry.

You visited 1 branch of the dungeon, and saw 4 of its levels.

You collected 181 gold pieces.

Inventory:

Hand Weapons
 g - a +0 short sword (weapon)
 k - a +0 dagger
 y - a +2 quarterstaff of draining
Missiles
 b - 23 stones (quivered)
 e - 35 sling bullets
Armour
 c - a +0 robe
 f - a cursed -2 buckler
 i - a +0 pair of boots (worn)
 o - a +0 leather armour (worn)
Jewellery
 m - an uncursed ring of protection from magic {unknown}
Scrolls
 p - a scroll of random uselessness {unknown}
 s - a scroll of noise {unknown}
 u - a scroll of enchant weapon {unknown}
 v - 2 scrolls of teleportation {unknown}
 w - a scroll of enchant armour {unknown}
 x - a scroll of immolation {unknown}
Potions
 a - a potion of heal wounds {@q2}
 h - a potion of curing {@q1}
 j - a potion of mutation {!q}
 l - a potion of magic {unknown}
 q - a potion of berserk rage {unknown}
 r - a potion of brilliance {unknown}
 t - a potion of resistance {unknown}
Comestibles
 d - 3 rations {!d}


   Skills:
 + Level 1.6 Fighting
 - Level 1.7 Dodging
 * Level 4.0 Stealth
 + Level 2.9 Spellcasting
 * Level 2.9 Transmutations
 * Level 5.0 Earth Magic


You had 2 spell levels left.
You knew the following spells:

 Your Spells              Type           Power        Failure   Level  Hunger
a - Sandblast             Erth           ###...       3%          1    #......
b - Passwall              Tmut/Erth      ##......     8%          2    ##.....
c - Petrify               Tmut/Erth      ##......     45%         4    #####..

Your spell library contained the following spells:

 Spells                   Type           Power        Failure   Level  Hunger
 Stone Arrow              Conj/Erth      #.....       26%         3    ###....
 Lee's Rapid Deconstruct  Erth           ###.......   65%         5    ######.


Dungeon Overview and Level Annotations

Branches:
Dungeon (4/15)
 Temple: D:4-7

Altars:
Cheibriados
Okawaru
Sif Muna


Innate Abilities, Weirdness & Mutations

You cannot be hasted, slowed, berserked, paralysed or teleported.
You can dig through walls and to a lower floor.
Your four strong arms can wield two-handed weapons with a shield.
You have a pair of large antennae on your head. (SInv)


Message History

b - 25 stones The orc closely misses you.
The orc priest hits you with a +0 short sword.
Casting: Sandblast (safe; 3% risk of failure)
Aiming: Sandblast (safe; 3% risk of failure)
Aim: an orc priest, wielding a +0 short sword and wearing a +0 ring mail The blast of sand hits the orc priest.
b - 24 stones The orc hits you with a +0 dagger.
The orc priest hits you with a +0 short sword.
* * * LOW HITPOINT WARNING * * *
Casting: Sandblast (safe; 3% risk of failure)
Aiming: Sandblast (safe; 3% risk of failure)
Aim: an orc priest, wielding a +0 short sword and wearing a +0 ring mail The blast of sand hits the orc priest.
b - 23 stones The orc hits you but does no damage.
The orc priest invokes the aid of Beogh against you.
Beogh smites you!
You die...

######### #.......# #.#####.#
#######+#####'########
#).....(....o........########
#...........@................
#.........[.o................
#.........................###
#.........###+#...........#
#.........###.#.###.......#
#######.###.....###.......#
#...................#
#........####.......#
#.###...#####.......#


You could see an orc priest and an orc.

Vanquished Creatures
  3 orc wizards
  3 adders
  2 oozes
  A dart slug (D:3)
  2 leopard geckos
  5 orcs
  A ball python (D:1)
  5 giant cockroaches (D:2)
  2 goblins (D:2)
  8 hobgoblins
  6 jackals (D:3)
  3 quokkas (D:2)
  4 bats
  A frilled lizard (D:3)
  6 kobolds
  8 rats
  A plant (D:2)
61 creatures vanquished.

Notes
Turn   | Place    | Note
-------+----------+-------------------------------------------
     0 | D:1      | russianmonk1111 the Formicid Earth Elementalist began the
                  | quest for the Orb.
     0 | D:1      | Reached XP level 1. HP: 13/13 MP: 3/3
   574 | D:1      | Reached XP level 2. HP: 17/20 MP: 3/5
   615 | D:1      | Learned a level 2 spell: Passwall
   909 | D:1      | Reached skill level 4 in Earth Magic
  1320 | D:2      | Reached XP level 3. HP: 14/25 MP: 4/6
  1731 | D:2      | Found a snail-covered altar of Cheibriados.
  1879 | D:2      | Reached skill level 1 in Fighting
  1879 | D:2      | Reached XP level 4. HP: 6/32 MP: 3/7
  2670 | D:2      | Learned a level 4 spell: Petrify
  3082 | D:2      | Found a deep blue altar of Sif Muna.
  3090 | D:2      | Became a worshipper of Sif Muna the Loreminder
  3654 | D:3      | Reached XP level 5. HP: 32/37 MP: 4/9
  3707 | D:3      | Found an iron altar of Okawaru.
  3990 | D:3      | Noticed an ogre
  4012 | D:3      | Reached skill level 5 in Earth Magic
  4899 | D:3      | Killed from afar by an orc priest

Vault maps used:
D:1:      dpeg_arrival_tiny_i, grunt_decor_cap
D:2:      led_sif_pool, old_standard_altar, serial_forest,
          infiniplex_forest_pool, infiniplex_forest_lined_ring,
          infiniplex_forest_straight_2, infiniplex_forest_clump_C,
          infiniplex_forest_end_2, infiniplex_forest_clump_small
D:3:      lemuel_crystal_altar
D:4:      old_forge, lemuel_crystal_altar, lemuel_doored_altar, first_ration,
          okawaru_gym_becter

Skill      XL: |  1  2  3  4  5 |
---------------+----------------+-----
Earth Magic    | 4 5 |  5.0
Fighting       | 1 |  1.6
Stealth        | 3 4 |  4.0
Transmutations | 2 |  2.9
Dodging        | |  1.7
Spellcasting   | |  2.9

Action                   |  1- 3 |  4- 6 || total
-------------------------+-------+-------++-------
Melee: Short sword       |    63 |   358 ||   421
 Cast: Sandblast         |    13 |    38 ||    51
       Passwall          |       |     1 ||     1
  Use: Scroll            |       |     3 ||     3
 Stab: Sleeping          |     1 |     3 ||     4
       Distracted        |       |     1 ||     1
  Eat: Chunk             |     3 |    10 ||    13
Armor: Robe              |     6 |       ||     6
       Leather armour    |    18 |    45 ||    63
Dodge: Dodged            |    37 |    89 ||   126

Table legend:
 A = Non-vault XP
 B = Vault XP
 C = Vault XP percentage of total XP
 D = Non-vault monster count
 E = Vault monster count
 F = Vault count percentage of total count
                 A         B        C        D         E       F
            +---------+---------+-------+---------+---------+-------
      Total |     266 |       0 |   0.0 |      60 |       0 |   0.0
            +---------+---------+-------+---------+---------+-------
        D:1 |      24 |       0 |   0.0 |      11 |       0 |   0.0
        D:2 |     107 |       0 |   0.0 |      29 |       0 |   0.0
        D:3 |     135 |       0 |   0.0 |      20 |       0 |   0.0
            +---------+---------+-------+---------+---------+-------
